 Dungeon Crawl Stone Soup version 0.17.1-3-g152610e (webtiles) character file.

2454 Jerry the Covered (level 9, 0/68 HPs)
             Began as a Demigod Fighter on Apr 1, 2016.
             Slain by an ogre
             ... wielding a +0 giant club
              (19 damage)
             ... on level 6 of the Dungeon.
             The game lasted 00:27:00 (7573 turns).

Jerry the Covered (Demigod Fighter)                 Turns: 7573, Time: 00:27:00

Health: 0/68       AC: 15    Str: 25    XL:     9   Next: 5%
Magic:  11/11      EV: 10    Int: 12    God:
Gold:   331        SH:  0    Dex: 15    Spells: 0 memorised, 8 levels left

rFire  . . .     SeeInvis .     N - +2 mace (protect)
rCold  + . .     Clarity  .     b - +0 scale mail
rNeg   . . .     SustAt   +     (no shield)
rPois  .         Gourm    .     s - +1 helmet
rElec  .         Spirit   .     (no cloak)
rCorr  .         Warding  .     (no gloves)
rMut   .         Stasis   +     (no boots)
MR     +....                    j - amulet of stasis
Stlth  ..........               w - ring of protection from cold
                                o - ring of protection from magic

@: somewhat resistant to hostile enchantments, extremely unstealthy
A: deterioration 1, high mp 1, sustain attributes
a: no special abilities


You were on level 6 of the Dungeon.
You were not hungry.

You visited 1 branch of the dungeon, and saw 6 of its levels.
You also visited: Sewer and Ossuary.

You collected 331 gold pieces.

Inventory:

Hand Weapons
 a - a +1 flail
 d - a +0 flail of protection
 B - the +5 rapier "Jellyslayer" {venom, rPois Int+3 Dex+4}
   (You found it on level 4 of the Dungeon)

   It poisons the flesh of those it strikes.
   It affects your intelligence (+3).
   It affects your dexterity (+4).
   It protects you from poison.
 I - the +6 quarterstaff of Bery {antimagic, *Contam MP+9 Stlth+}
   (You found it in an ossuary)

   It disrupts the flow of magical energy around spellcasters and certain
   magical creatures (including the wielder).
   It affects your magic capacity (+9).
   It causes magical contamination when unequipped.
   It makes you more stealthy.
 N - a +2 mace of protection (weapon)
Armour
 b - a +0 scale mail (worn)
 c - a +0 shield
 f - a +0 buckler
 s - a +1 helmet (worn)
Jewellery
 j - an amulet of stasis (around neck)
 k - an uncursed ring of positive energy
 o - a ring of protection from magic (left hand)
 w - a ring of protection from cold (right hand)
 z - an uncursed ring of protection from fire
 A - an uncursed ring of protection from magic
Wands
 t - a wand of confusion (34)
 M - a wand of fire (6)
Scrolls
 g - 2 scrolls of enchant armour
 h - 12 scrolls of identify
 l - a scroll of fog
 p - 2 scrolls of remove curse
 y - a scroll of summoning
 C - a scroll of fear
 J - 2 scrolls of teleportation {unknown}
 K - a scroll of holy word {unknown}
 O - a scroll of immolation {unknown}
 Q - a scroll of blinking
Potions
 m - a potion of poison {unknown}
 n - 6 potions of curing
 q - a potion of brilliance
 r - 2 potions of cancellation {unknown}
 v - a potion of lignification {unknown}
 x - a potion of agility {unknown}
 D - a potion of degeneration {unknown}
 E - 4 potions of heal wounds {unknown}
 F - a potion of resistance {unknown}
 H - a potion of might
 L - a potion of haste {unknown}
 P - a potion of berserk rage
Comestibles
 e - 4 bread rations
 i - 4 meat rations
 u - 6 chunks of flesh
 G - a royal jelly


   Skills:
 - Level 2.6 Fighting
 + Level 6.8 Maces & Flails
 + Level 7.3 Armour
 + Level 7.0 Shields


You had 8 spell levels left.
You didn't know any spells.

Dungeon Overview and Level Annotations

Branches:
Dungeon (6/15)
 Temple: D:4-7


Innate Abilities, Weirdness & Mutations

You have an increased reservoir of magic (+10% MP).
Your attributes are resistant to harm.
Your body sometimes deteriorates upon taking damage.


Message History

The ogre is lightly wounded.
The ogre hits you with a giant club.
You barely miss the ogre.
The ogre is lightly wounded.
The ogre hits you with a giant club.
* * * LOW HITPOINT WARNING * * *
You are too injured to fight recklessly!
You are too injured to fight recklessly!
You hit the ogre.
The ogre is moderately wounded.
You hit the ogre.
The ogre is moderately wounded.
The ogre hits you but does no damage.
You sock the ogre!
The ogre is severely wounded.
The ogre barely misses you.
You barely miss the ogre.
The ogre is severely wounded.
The ogre hits you with a giant club!!
You die...

##.#..###.._..#...#
#.....###.#∩#.##.##
#.#.....########.#
#...>.#.# #.#
####..#.########.##
####..#........)..#
#.........).####..#
#.........(.....O.#
#..#.#..........@.#
#..#.#.......###..#
...#.##....### #..#
#. #. #....#
#..####### ..
#.#### #<(.......
..# #>.######. #..#
######## #..#
........ ....
........


You could see an ogre.

Vanquished Creatures
  Sigmund (D:3)
  The ghost of SaintRoka the Ruffian, an amateur DDTm (Sewer)
  Menkaure (D:4)
  Duvessa (D:4)
  Purgy (Sewer)
  An ice beast (D:6)
  4 ogres
  2 phantoms
  A centaur (D:5)
  3 giant frogs (D:6)
  Dowan (D:4)
  A jelly (D:6)
  A scorpion (D:5)
  2 giant frog zombies
  4 hounds
  A crimson imp (D:5)
  A centaur skeleton (D:4)
  A human zombie (Ossuary)
  An iguana (D:5)
  Ijyb (D:2)
  An orc wizard (D:4)
  2 worker ants
  Terence (D:3)
  A big kobold zombie (Ossuary)
  2 mummies (Ossuary)
  A worker ant zombie (D:5)
  Robin (D:2)
  11 adders
  3 gnolls (D:4)
  A shadow imp (D:4)
  2 oozes (D:2)
  An adder zombie (Ossuary)
  An adder skeleton (D:4)
  4 worms
  4 giant geckos
  13 orcs
  A ball python (D:2)
  23 goblins
  7 hobgoblins
  13 jackals
  6 kobolds
  2 quokkas
  15 bats
  5 giant cockroaches
  6 giant newts
  8 hobgoblin zombies (Ossuary)
  4 jackal zombies (Ossuary)
  10 kobold zombies (Ossuary)
  9 orc zombies (Ossuary)
  11 rats
  2 rat zombies (Ossuary)
201 creatures vanquished.

Notes
Turn   | Place    | Note
--------------------------------------------------------------
     0 | D:1      | Jerry the Demigod Fighter began the quest for the Orb.
     0 | D:1      | Reached XP level 1. HP: 18/18 MP: 3/3
   415 | D:1      | Reached skill level 3 in Shields
   415 | D:1      | Reached XP level 2. HP: 25/25 MP: 4/4
   737 | D:2      | Found a blossoming altar of Fedhas.
   987 | D:2      | Reached XP level 3. HP: 25/30 MP: 5/5
  1107 | D:2      | Found a shadowy altar of Dithmenos.
  1134 | D:2      | Noticed Ijyb
  1156 | D:2      | Killed Ijyb
  1469 | D:2      | Reached XP level 4. HP: 37/37 MP: 6/6
  1875 | D:2      | Noticed Robin
  1964 | D:2      | Killed Robin
  2560 | D:2      | Reached skill level 4 in Armour
  2560 | D:2      | Reached XP level 5. HP: 36/42 MP: 7/7
  3319 | D:3      | Noticed Terence
  3332 | D:3      | Killed Terence
  3508 | D:3      | Noticed Sigmund
  3515 | D:3      | Killed Sigmund
  3515 | D:3      | Reached XP level 6. HP: 50/50 MP: 8/8
  3795 | D:3      | Found a deep blue altar of Sif Muna.
  3861 | D:4      | Noticed Duvessa
  3871 | D:4      | Noticed Dowan
  3882 | D:4      | Killed Duvessa
  3882 | D:4      | Reached skill level 5 in Armour
  3896 | D:4      | Killed Dowan
  3896 | D:4      | Reached XP level 7. HP: 20/56 MP: 9/9
  4139 | D:4      | Reached skill level 5 in Shields
  4277 | D:4      | Got a slimy rapier
  4278 | D:4      | Identified the +5 rapier "Jellyslayer" {venom, rPois Int+3 Dex+4} (You found it on level 4 of the Dungeon)
  4724 | D:4      | Noticed Menkaure
  4733 | D:4      | Killed Menkaure
  4733 | D:4      | Reached skill level 5 in Maces & Flails
  5623 | D:5      | Entered Level 5 of the Dungeon
  5700 | D:5      | Found a sand-covered staircase.
  5705 | Ossuary  | Entered an ossuary
  6032 | Ossuary  | Reached skill level 6 in Armour
  6077 | Ossuary  | Got a faintly glowing quarterstaff
  6083 | Ossuary  | Identified the +6 quarterstaff of Bery {antimagic, *Contam MP+9 Stlth+} (You found it in an ossuary)
  6086 | Ossuary  | Gained mutation: Your body sometimes deteriorates upon taking damage. [mutagenic glow]
  6374 | D:5      | Reached XP level 8. HP: 62/62 MP: 10/10
  6638 | D:5      | Found a glowing golden altar of the Shining One.
  7028 | D:6      | Found a glowing drain.
  7041 | Sewer    | Entered a sewer
  7041 | Sewer    | Noticed SaintRoka's ghost (amateur DDTm)
  7048 | Sewer    | Killed SaintRoka's ghost
  7079 | Sewer    | Noticed Purgy
  7088 | Sewer    | Killed Purgy
  7088 | Sewer    | Reached skill level 7 in Armour
  7368 | D:6      | Found a burning altar of Makhleb.
  7436 | D:6      | Reached XP level 9. HP: 53/68 MP: 11/11
  7573 | D:6      | Slain by an ogre

Action                   |  1- 3 |  4- 6 |  7- 9 || total
-------------------------+-------+-------+-------++-------
Melee: Flail             |   114 |   244 |   294 ||   652
       Rapier            |       |       |    18 ||    18
       Mace              |       |       |    99 ||    99
  Use: Potion            |     1 |     2 |     2 ||     5
       Scroll            |       |     9 |     5 ||    14
  Eat: Chunk             |     2 |     9 |     6 ||    17
       Fruit             |       |       |     2 ||     2
       Bread ration      |       |       |     1 ||     1
